[Event "Late-Titled-Tuesday-Blitz-August-29-2023"]
[Site "Chess.com"]
[Date "2023.08.29"]
[Round "5"]
[White "Leo_C"]
[Black "Colombiano07"]
[Result "1/2-1/2"]
[WhiteElo "2574"]
[BlackElo "2443"]
[TimeControl "180+1"]
[EndTime "14:55:41 PDT"]
[Termination "Game drawn - insufficient material"]

1. d4 d5 2. c4 dxc4 3. e4 Nf6 4. e5 Nd5 5. Bxc4 Nb6 6. Bd3 Nc6 7. Nf3 Bg4 8. Be3 e6 9. Nc3 Bxf3 10. Qxf3 Nd5 11. Nxd5 Qxd5 12. Qxd5 exd5 13. a3 Be7 14. Rc1 f6 15.
Bb5 fxe5 16. Rxc6 bxc6 17. Bxc6+ Kf7 18. Bxd5+ Kf6 19. Bxa8 Rxa8 20. Kd2 Rd8 21. Kc3 a6 22. dxe5+ Kxe5 23. Re1 Kf5 24. Bd4 Bf6 25. Bxf6 Kxf6 26. f3 Rd5 27. Re4 Rd1 28. Ra4 Rg1 29. Rxa6+ Ke7 30. Ra4 Rxg2 31. Rg4 Rxh2 32. Rxg7+ Kd6 33. a4 Rf2 34. Rxh7 Rxf3+ 35. Kb4 c5+ 36. Kc4 Rf4+ 37.
Kb3 Rf3+ 38. Ka2 Rf4 39. Ra7 Kc6 40. Ra6+ Kb7 41. Ra5 Kb6 42. Rb5+ Kc6 43. Ka3 Rf1 44. Rb8 Kc7 45. Rh8 Rf3+ 46. Ka2 Kb6 47. Rb8+ Kc7 48.
Rb5 Kc6 49. Rb3 Rf4 50. Ka3 Rf1 51. Rh3 Rf4 52. b3 Kb6 53. Rh6+ Ka5 54. Rc6 Rf5 55. Kb2 Rg5 56. Kc3 Rg3+ 57. Kc4 Rg4+ 58. Kc3 Rg3+ 59. Kb2 Rg2+ 60. Ka3 Rg5 61. Rd6 Rg4 62. Rd8 Rg3 63.
Rb8 c4 64. Rb5+ Ka6 65. Ka2 Rxb3 66. Rxb3 cxb3+ 67. Kxb3 Ka7 68. a5 Ka8 69. a6 Kb8 70. a7+ Ka8 71. Kc3 Kb7 72. Kd2 Ka8 73. Kd3 Kb7 74. Kd2 Ka8 75. Kd3 Kb7 76. a8=Q+ Kxa8 1/2-1/2

[Event "Late-Titled-Tuesday-Blitz-August-29-2023"]
[Site "Chess.com"]
[Date "2023.08.29"]
[Round "5"]
[White "EsmeraldasAnderson03"]
[Black "Zq1"]
[Result "1-0"]
[WhiteElo "2393"]
[BlackElo "2520"]
[TimeControl "180+1"]
[EndTime "14:55:42 PDT"]
[Termination "EsmeraldasAnderson03 won by resignation"]

1. d4 d5 2. Nf3 e6 3. Bg5 Nf6 4. c4 Be7 5. cxd5 exd5 6. Nc3 c6 7. Qc2 g6 8. e3 Bf5 9. Bd3 Bxd3 10. Qxd3 Nbd7 11.
O-O O-O 12. Rab1 a5 13. a3 Re8 14. b4 axb4 15. axb4 b5 16. Nd2 Nb6 17. Bxf6 Bxf6 18.
Nb3 Be7 19. Nc5 Bxc5 20. dxc5 Nc4 21. Ne2 Ra3 22. Qd4 Re4 23. Qd1 Qd7 24. Ra1 Rxa1 25.
Qxa1 Re8 26. Qa6 Qc8 27. Ra1 Ne5 28. Qxc8 Rxc8 29. Ra3 Kf8 30. Nd4 Ke8 31. Kf1 Kd7 32.
Ke2 Nc4 33. Ra6 Ne5 34. h4 h5 35. g3 Ng4 36. Ra7+ Rc7 37. Ra8 Nf6 38. Nf3 Ng4 39. Ng5 Ke7 40. f3 Nf6 41. e4 dxe4 42. fxe4 Nd7 43.
Nf3 Nf6 44. Ke3 Ng4+ 45. Kf4 Rd7 46. Rc8 Rd3 47. Ne5 Nxe5 48. Kxe5 Kd7 49. Rf8 Rf3 50.
Kd4 Ke7 51. Rc8 Rxg3 52. Rxc6 Rg4 53. Rb6 Rxh4 54. Rxb5 Rh1 55. Rb7+ Ke6 56. Rb6+ Kd7 57. Ke5 Rf1 58. b5 h4 59. Rb7+ Kc8 60. c6 h3 61. Ra7 h2 62. b6 Kd8 63. c7+ Kd7 64.
Ra8 Rc1 65. Rd8+ Ke7 66. Rh8 f6+ 67. Kd5 Kd7 68. Rxh2 Rd1+ 69. Kc5 Rc1+ 70. Kb5 Rb1+ 71. Ka6 1-0

[Event "Late-Titled-Tuesday-Blitz-August-29-2023"]
[Site "Chess.com"]
[Date "2023.08.29"]
[Round "5"]
[White "jk13"]
[Black "Anton_Demchenko"]
[Result "1/2-1/2"]
[WhiteElo "2678"]
[BlackElo "2917"]
[TimeControl "180+1"]
[EndTime "14:55:43 PDT"]
[Termination "Game drawn by repetition"]

1. e4 e5 2. Nf3 Nc6 3. Bc4 Nf6 4. c3 Nxe4 5. O-O d5 6. Bb5 Bg4 7. Qa4 Bd6 8. Bxc6+ bxc6 9. Qxc6+ Bd7 10. Qxd5 Nf6 11. Qc4 O-O 12. d3 Rb8 13. Re1 Re8 14. a4 h6 15. Nbd2 Be6 16. Qh4 Bf5 17. Ne4 Be7 18.
Nxf6+ Bxf6 19. Qg3 Qxd3 20. Bxh6 Rxb2 21. Bg5 Bxg5 22.
Qxg5 f6 23. Qh5 Bg6 24. Qh3 Rd8 25. Qg4 Bf5 26. Qh4 Qxc3 27. Rac1 Rc2 28. Rxc2 Bxc2 29. h3 Rd1 30. Rxd1 Bxd1 31. Qg4 Qc6 32. Qc8+ Kf7 33. Qd8 Bxf3 34. gxf3 a6 35. a5 Qd6 36. Qc8 Qc6 37. Qd8 Qd6 38. Qc8 g5 39. Kg2 Ke7 40. Qa8 Kd7 41. Qb7 Ke6 42. Qc8+ Kd5 43. Qg8+ Kc5 44.
Qb3 Kd4 45. Qa4+ Kc3 46. Qa1+ Kb4 47. Qa2 Kb5 48. Qa1 c5 49. Qb1+ Kxa5 50. Qa2+ Kb6 51. Qb3+ Ka7 52. Qf7+ Kb8 53. Qb3+ Kc7 54. Qf7+ Kc6 55.
Qe8+ Kb6 56. Qa4 Qc6 57. Qb3+ Ka7 58. Qf7+ Kb6 59. Qb3+ Kc7 60. Qf7+ Kc8 61. Qf8+ Kd7 62. Qf7+ Kd8 63. Qf8+ Kc7 64. Qf7+ Kb6 65. Qb3+ 1/2-1/2

[Event "Late-Titled-Tuesday-Blitz-August-29-2023"]
[Site "Chess.com"]
[Date "2023.08.29"]
[Round "5"]
[White "Bauman_Guy"]
[Black "Tejas_Rama"]
[Result "1-0"]
[WhiteElo "2848"]
[BlackElo "2549"]
[TimeControl "180+1"]
[EndTime "14:55:43 PDT"]
[Termination "Bauman_Guy won on time"]

1. e4 e5 2. Nf3 Nc6 3. Bb5 Nf6 4.
O-O Nxe4 5. Re1 Nd6 6. a4 Be7 7. Nc3 O-O 8. d4 exd4 9. Nd5 Bf6 10. Bd3 h6 11. Bf4 b6 12. Qd2 g5 13. Nxf6+ Qxf6 14. Nxg5 hxg5 15. Bxg5 Qg7 16. Bh6 Qf6 17. Bxf8 Kxf8 18.
Qe2 Bb7 19. Qh5 Re8 20. Rxe8+ Kxe8 21. Re1+ Kf8 22. h4 Nb4 23. Qg4 Nxd3 24. cxd3 Qg6 25.
f3 Nf5 26. h5 Qxg4 27. fxg4 Ne3 28. g5 Bxg2 29. Kf2 Kg7 30. b4 Bd5 31. Rc1 c6 32.
Kg3 Bb3 33. a5 b5 34. Kf4 Be6 35. Ke5 Nd5 36. Rb1 Nc3 37. Rb2 Na4 38. Rh2 c5 39. bxc5 Nxc5 40. Kxd4 Nb3+ 41. Ke5 Nxa5 42. d4 Nc6+ 43.
Ke4 d5+ 44. Ke3 Ne7 45. Kf4 Nf5 46. Ke5 a5 47. Rc2 a4 48. Rc7 a3 49. Ra7 b4 50. Ra4 Ne3 51. g6 fxg6 52. Kxe6 gxh5 53. Rxb4 Kg6 54. Ra4 Nc4 55. Ra6 Kg5 56. Kxd5 Ne3+ 57. Ke4 Nc4 58. Kd3 Nb2+ 59. Kc3 1-0

[Event "Late-Titled-Tuesday-Blitz-August-29-2023"]
[Site "Chess.com"]
[Date "2023.08.29"]
[Round "5"]
[White "AsaHoffmann"]
[Black "AleksandraMilovic"]
[Result "1-0"]
[WhiteElo "2365"]
[BlackElo "2132"]
[TimeControl "180+1"]
[EndTime "14:55:44 PDT"]
[Termination "AsaHoffmann won by checkmate"]

1. d4 d5 2. Bg5 c5 3. dxc5 h6 4. Bh4 g5 5. Bg3 Bg7 6. c3 Nd7 7. Qxd5 Ngf6 8. Qc4 O-O 9. Nd2 e5 10. Ngf3 Qe7 11. b4 a5 12. e4 axb4 13. cxb4 b5 14. Qxb5 Ba6 15. Qxa6 Rxa6 16. Bxa6 Qe6 17. Bc4 Qc6 18. Bd3 Qa4 19. a3 Rd8 20. Ke2 g4 21. Nh4 Nxc5 22. bxc5 Qd7 23. Rhd1 Qxd3+ 24. Ke1 Nxe4 25.
Nxe4 Qxe4+ 26. Kf1 Rc8 27. Rac1 Bf6 28. Rc3 Qc6 29.
Rdc1 Qb5+ 30. Kg1 e4 31. Rc4 Rd8 32. h3 gxh3 33. gxh3 Bb2 34. R1c2 Bxa3 35. c6 Qb1+ 36. Kg2 Rd1 37. Bh2 Rh1 38. Kg3 Qf1 39. c7 Bd6+ 40. Kg4 Rg1+ 41. Bxg1 Qxg1+ 42. Kf5 Qg5+ 43. Kxe4 Qe5+ 44. Kd3 Bxc7 45. Rxc7 Qf4 46. R2c4 Qxf2 47.
Rc8+ Kg7 48. Rg4+ Kf6 49. Rcc4 Qh2 50. Rcf4+ Ke7 51. Nf5+ Kd7 52. h4 Qh3+ 53. Ke4 h5 54. Rg5 Qh1+ 55. Ke5 Qe1+ 56. Kf6 Qc3+ 57. Kxf7 Qd2 58.
Rd4+ Qxd4 59. Nxd4 Kd8 60. Rd5+ Kc8 61. Ke7 Kb8 62.
Rd6 Ka7 63. Nb5+ Kb8 64. Kf6 Ka8 65. Kg6 Kb8 66. Kxh5 Ka8 67. Rd7 Kb8 68. Kg6 Ka8 69. h5 Kb8 70. h6 Ka8 71. h7 Kb8 72. h8=R# 1-0

[Event "Late-Titled-Tuesday-Blitz-August-29-2023"]
[Site "Chess.com"]
[Date "2023.08.29"]
[Round "5"]
[White "Byniolus"]
[Black "BillieKimbah"]
[Result "0-1"]
[WhiteElo "2879"]
[BlackElo "3052"]
[TimeControl "180+1"]
[EndTime "14:55:45 PDT"]
[Termination "BillieKimbah won by resignation"]

1. d4 Nf6 2. Nf3 d5 3. Bf4 c5 4. e3 Nc6 5. Nbd2 e6 6. c3 Be7 7. h3 Bd6 8. Bxd6 Qxd6 9. dxc5 Qxc5 10. Bd3 O-O 11. e4 Rd8 12. e5 Ne4 13. O-O b6 14.
Nb3 Qe7 15. Qe2 Bb7 16. Rfe1 h6 17. Nbd4 Na5 18. Nh2 Rac8 19. Rad1 Nc6 20. Nxc6 Bxc6 21. Nf3 Ba4 22. Rc1 Bc6 23. Nd4 Bb7 24. Qe3 a6 25. a3 b5 26. f3 Nc5 27. Bc2 Bc6 28. Ra1 Be8 29. f4 Bd7 30. f5 exf5 31. Bxf5 Qg5 32. Qf3 Re8 33. Rad1 Be6 34. Kh2 Ne4 35. Bxe6 Qxe5+ 36. Kg1 fxe6 37. Qg4 Rc7 38. Rf1 Nf6 39. Qf3 Qe4 40. Qf2 Rf7 41. Rde1 Qg6 42. Nxe6 Rfe7 43. Qd2 Rxe6 44. Rxe6 Rxe6 45. Qf4 Qe4 46. Qb8+ Kh7 47. Qg3 Qe3+ 48. Qxe3 Rxe3 49. Rf2 Kg6 50. Kf1 Kf7 51. Rd2 Ke6 52. Kf2 Re5 53. Rc2 Ne4+ 54. Kf3 Nd6 55. b3 Re4 56. g4 Ke5 57. h4 g5 58. hxg5 hxg5 59. Rh2 Rf4+ 60. Ke3 Rxg4 61. Rh8 Rg3+ 62. Kd2 Ne4+ 0-1

[Event "Late-Titled-Tuesday-Blitz-August-29-2023"]
[Site "Chess.com"]
[Date "2023.08.29"]
[Round "5"]
[White "ural58"]
[Black "Alexander_Moskalenko"]
[Result "0-1"]
[WhiteElo "2531"]
[BlackElo "2832"]
[TimeControl "180+1"]
[EndTime "14:55:46 PDT"]
[Termination "Alexander_Moskalenko won by resignation"]

1. e4 e6 2. d4 d5 3. Nc3 Nf6 4. Bg5 dxe4 5. Nxe4 Be7 6. Nxf6+ gxf6 7. Be3 b6 8. Bb5+ c6 9. Bd3 Bb7 10. Qg4 Qd5 11.
Nf3 Nd7 12. Qg7 Rf8 13. Qxh7 O-O-O 14. Qe4 Qa5+ 15. Bd2 Qh5 16. Qh4 Qxh4 17. Nxh4 f5 18. Nf3 c5 19. O-O-O cxd4 20. Nxd4 Nc5 21. Bc3 Nxd3+ 22.
Rxd3 Bxg2 23. Re1 Be4 24. Rh3 Rh8 25. Rxh8 Rxh8 26. Nxf5 Bg5+ 27. Kb1 Rd8 28. Ng3 Bg6 29. Rh1 Bh4 30. f4 Rd5 31. Rf1 a5 32. a3 Kb7 33.
b3 Be7 34. Kb2 Rc5 35. Bd4 Rd5 36. c3 b5 37. Rf2 b4 38. axb4 axb4 39. Rd2 Kc6 40. Ne2 bxc3+ 41. Bxc3 Rh5 42. Nd4+ Kb7 43. f5 exf5 44. Nf3 Bc5 45. h4 f4 46. Bf6 Be3 47.
Rd7+ Kc6 48. Rd8 Be4 49. Ne5+ Kc7 50. Rf8 Bd4+ 51. Ka3 Bxe5 52. Rxf7+ Kd6 53. Bxe5+ Kxe5 54. b4 f3 55. b5 Bf5 56. b6 f2 57. b7 Rh8 58.
Re7+ Kf6 0-1

[Event "Late-Titled-Tuesday-Blitz-August-29-2023"]
[Site "Chess.com"]
[Date "2023.08.29"]
[Round "5"]
[White "The_Straightforward_Rook"]
[Black "Aygehovit1992"]
[Result "1-0"]
[WhiteElo "2502"]
[BlackElo "2710"]
[TimeControl "180+1"]
[EndTime "14:55:46 PDT"]
[Termination "The_Straightforward_Rook won by checkmate"]

1. d4 Nf6 2. c4 g6 3. h4 c5 4.
d5 b5 5. cxb5 a6 6. e3 d6 7. Nc3 Bg7 8. a4 O-O 9. Nf3 Nbd7 10.
Be2 axb5 11. Bxb5 Ba6 12. Bd2 e6 13. dxe6 fxe6 14. O-O d5 15. Bxa6 Rxa6 16. Qe2 Ra8 17.
e4 d4 18. Nb5 Ng4 19. Bg5 Qb8 20. Qc4 Re8 21. g3 Kh8 22. Ne1 Nde5 23. Qxc5 d3 24.
Qd6 Qb7 25. f3 h6 26. Bd2 Rad8 27. Qc7 Nxf3+ 28. Rxf3 Qxe4 29. Nc3 Qa8 30. Qf4 Ne5 31. Re3 Rf8 32. Qe4 Nc4 33. Qxa8 Rxa8 34. Rxd3 Nxb2 35.
Rd7 Nc4 36. Bf4 Bxc3 37. Rc1 Rxf4 38. gxf4 Bd2 39. Rxc4 Bxe1 40. Rcc7 Bxh4 41. Rh7+ Kg8 42. Rcg7+ Kf8 43. Rf7+ Kg8 44. Rfg7+ Kf8 45. Rh8+ Kxg7 46. Rxa8 Be7 47. a5 Kf6 48. Kf2 Kf5 49. Kf3 Kf6 50. a6 Bc5 51. Rc8 Bg1 52. Rc7 e5 53. fxe5+ Kxe5 54. a7 Bb6 55. Re7+ Kf6 56. a8=Q Kxe7 57. Qb7+ Kf6 58. Qxb6+ Kg5 59. Qc5+ Kh4 60. Qd4+ Kh5 61.
Qg4# 1-0

[Event "Late-Titled-Tuesday-Blitz-August-29-2023"]
[Site "Chess.com"]
[Date "2023.08.29"]
[Round "5"]
[White "Berant"]
[Black "Fonsofan"]
[Result "0-1"]
[WhiteElo "2374"]
[BlackElo "2677"]
[TimeControl "180+1"]
[EndTime "14:55:48 PDT"]
[Termination "Fonsofan won by checkmate"]

1. e3 d5 2. d4 Nf6 3. Nf3 c5 4.
b3 Bg4 5. h3 Bxf3 6. Qxf3 cxd4 7.
exd4 e6 8. Bb2 Nc6 9. Nd2 Rc8 10.
a3 Qb6 11. Qe3 g6 12. Bd3 Bg7 13. O-O O-O 14. Nf3 Nd7 15. Rac1 a5 16. h4 a4 17. b4 Nf6 18. Qf4 Qc7 19. Ne5 h5 20. Rfe1 Nd7 21. Qg3 Ncxe5 22. dxe5 Nb6 23. Qg5 Qd8 24. Qf4 Kh7 25.
Qf3 Kg8 26. g3 Nc4 27. Bd4 Nxa3 28. Bxg6 fxg6 29. Qxa3 b5 30. Qd3 Qe8 31. Bc5 Rf5 32. Re3 Rc7 33. g4 hxg4 34. Rg3 Rf4 35. Qe2 Re4 36.
Qd1 Bxe5 37. Rxg4 Qf7 38. Rxe4 dxe4 39. Qg4 Qf5 40. Qg2 Rf7 41. Rd1 Kh7 42. Rd8 Qf3 43.
Qg5 Qf5 44. Qg2 Qf3 45. Qg5 Qf4 46. Qg2 Qxh4 47. Be3 Qxd8 48. Qh3+ Kg8 49. Qh6 Qf6 50. Bc5 Qf5 51. Be3 Bg7 52. Qh2 a3 53. Qb8+ Rf8 54. Qa7 Qg4+ 55. Kf1 Qd1+ 56. Kg2 Qf3+ 57. Kf1 Qxe3 58.
Qxe3 a2 59. Qb3 a1=Q+ 60. Ke2 Qe5 61. Qh3 Qf5 62. Kd1 Qxh3 63. Kc1 Qf3 64. Kb1 Qxf2 65. Ka2 Qxc2+ 66. Ka3 Qb2# 0-1

[Event "Late-Titled-Tuesday-Blitz-August-29-2023"]
[Site "Chess.com"]
[Date "2023.08.29"]
[Round "5"]
[White "SergioMoralesG"]
[Black "DenizSeyhanoglu1"]
[Result "1/2-1/2"]
[WhiteElo "2435"]
[BlackElo "2317"]
[TimeControl "180+1"]
[EndTime "14:55:49 PDT"]
[Termination "Game drawn by repetition"]

1. d4 d5 2. c4 c6 3. Nf3 Nf6 4.
Nc3 a6 5. c5 g6 6. Bf4 Bg7 7.
h3 O-O 8. e3 Nbd7 9. Be2 Ne8 10. Ne5 Nc7 11. O-O Nxe5 12. Bxe5 f6 13. Bh2 e5 14. e4 exd4 15. Qxd4 f5 16. e5 Ne6 17. Qb4 Qe7 18. Na4 a5 19. Qc3 f4 20.
Bg4 Ng5 21. Nb6 Bxg4 22. Nxa8 Bxh3 23. f3 Bxe5 24. Rae1 Bxc3 25. Rxe7 Bxb2 26. gxh3 Rxa8 27. Kg2 Nf7 28. Bxf4 Bd4 29. Rc1 g5 30. Bg3 Ra7 31. Bf2 Bxf2 32. Kxf2 Kf8 33. Rce1 a4 34. Re8+ Kg7 35.
R1e7 Kf6 36. Rc7 Kg6 37. Rg8+ Kf6 38. Rf8 Ra5 39. Rfxf7+ Ke5 40. Rxh7 Rxc5 41. Rxb7 Rc2+ 42. Kg3 Rxa2 43. Rhe7+ Kd4 44. Ra7 c5 45. Ra5 c4 46.
Rd7 Kc3 47. Rdxd5 a3 48. Ra4 Kb3 49. Ra8 Ra1 50. Rb5+ Kc2 51. Rba5 Kb2 52. Rxg5 Rg1+ 53. Kf4 Rxg5 54. Kxg5 c3 55. h4 c2 56. Rb8+ Ka2 57. Rc8 Kb1 58. Rb8+ Ka2 59. Rc8 Kb2 60. Rb8+ Ka1 61. Rc8 Kb2 62. Rb8+ 1/2-1/2

[Event "Late-Titled-Tuesday-Blitz-August-29-2023"]
[Site "Chess.com"]
[Date "2023.08.29"]
[Round "5"]
[White "Maili15"]
[Black "ErikRonka"]
[Result "0-1"]
[WhiteElo "2337"]
[BlackElo "2491"]
[TimeControl "180+1"]
[EndTime "14:55:54 PDT"]
[Termination "ErikRonka won by resignation"]

1. e4 g6 2. d4 Bg7 3. Nc3 c6 4. f4 d5 5. e5 f6 6. Nf3 Nh6 7.
Be2 O-O 8. O-O Bg4 9. h3 Bxf3 10. Bxf3 e6 11. Be3 Nd7 12. Qd2 Nf7 13. Ne2 b6 14. c3 Rc8 15. g4 fxe5 16. fxe5 c5 17. Bg2 Qe7 18. Nf4 b5 19. Bf2 Nb6 20. Rad1 Nc4 21.
Qe2 Bh6 22. Bg3 cxd4 23. cxd4 Rfe8 24. b3 Na3 25. Rc1 a6 26. Qf2 b4 27. h4 Nb5 28. g5 Bg7 29. Nd3 Nc3 30. Nc5 a5 31. Bh3 Rxc5 32. dxc5 Nxe5 33. Rce1 Nd3 34. Bxe6+ Kh8 35.
Qe3 Nxe1 36. Rxe1 d4 37. Qf3 Qxc5 38. Kg2 Rf8 39. Qb7 d3 40. Qd7 Qd4 41. Qxd4 Bxd4 42. Rf1 Rxf1 43. Kxf1 d2 44. Bg4 d1=Q+ 45. Bxd1 Nxd1 46.
Bc7 Nc3 47. Bxa5 Nxa2 48. Ke2 Bc3 49. Kd3 Kg7 50. Kc2 Kf7 51. Bc7 Ke6 52. Bg3 Kf5 53. Bf2 Kg4 54. Kb1 Kf3 55. Bc5 Be1 56. Kxa2 Kg4 57.
Bxb4 Bxb4 58. Kb2 Kxh4 59. Kc2 Be7 0-1

[Event "Late-Titled-Tuesday-Blitz-August-29-2023"]
[Site "Chess.com"]
[Date "2023.08.29"]
[Round "5"]
[White "Dhaydon19"]
[Black "Vladimir_Zakhartsov"]
[Result "1-0"]
[WhiteElo "2666"]
[BlackElo "2896"]
[TimeControl "180+1"]
[EndTime "14:55:58 PDT"]
[Termination "Dhaydon19 won by checkmate"]

1. d4 a6 2. c4 b5 3. Nf3 bxc4 4. e4 c6 5. Bxc4 d5 6. exd5 cxd5 7. Bd3 Nf6 8. O-O Bg4 9. h3 Bxf3 10. Qxf3 Nc6 11. Be3 Nb4 12. Qe2 e6 13. Nc3 Nxd3 14. Qxd3 Bd6 15. Rac1 O-O 16. Rc2 Bb8 17. Rfc1 Qd6 18. g3 Qd7 19. b3 Ra7 20. Na4 Ne4 21.
Nc5 Nxc5 22. Rxc5 a5 23. h4 a4 24. Qc2 axb3 25. axb3 Bd6 26. Rc8 Ra8 27. Rc6 h6 28.
h5 Rfb8 29. Qd3 Rb7 30. Kg2 Rab8 31. R1c3 Rxb3 32. Rxb3 Qxc6 33. Rxb8+ Bxb8 34. Qa3 Qd7 35. Qa8 Qd8 36. Qb7 Bd6 37. Qc6 Qc7 38. Qe8+ Kh7 39.
Bd2 Qe7 40. Qc6 Qc7 41. Qe8 Ba3 42. Bf4 Qe7 43. Qc6 Bb2 44. Be5 Ba3 45. Qa8 Bd6 46. Bxd6 Qxd6 47. Qb7 Kg8 48. Qc8+ Qf8 49. Qd7 Qb8 50.
Qe7 Qc8 51. Kh2 Qf8 52. Qd7 Kh7 53. Kg2 g6 54. hxg6+ Kxg6 55. Qc7 h5 56. Qf4 Qh6 57. Qd6 Qg5 58. Qf8 Qf6 59. Qg8+ Qg7 60. Qd8 Qxd4 61. Qg8+ Qg7 62. Qd8 Kf5 63. f4 Ke4 64. Qa5 Qb2+ 65. Kh3 d4 66. Qe1+ Kf3 67. Qd1+ Ke3 68. Qg1+ Qf2 69.
Qc1+ Qd2 70. Qg1+ Kd3 71. Qf1+ Kc3 72. Qf3+ d3 73. Qxh5 Qe2 74. Qh8+ Kc2 75. Qc8+ Kd1 76. Qb7 d2 77. Qb1# 1-0

[Event "Late-Titled-Tuesday-Blitz-August-29-2023"]
[Site "Chess.com"]
[Date "2023.08.29"]
[Round "5"]
[White "Elsa167"]
[Black "ahkashefi2800"]
[Result "1-0"]
[WhiteElo "2879"]
[BlackElo "2579"]
[TimeControl "180+1"]
[EndTime "14:56:01 PDT"]
[Termination "Elsa167 won on time"]

1. d4 d5 2. c4 c6 3. cxd5 cxd5 4. Bf4 Nf6 5. e3 Nc6 6. Nc3 a6 7. Be2 Bf5 8. Nf3 e6 9. Qb3 Ra7 10. Ne5 Nxe5 11. Bxe5 Bd6 12. Qa4+ Ke7 13. Bxd6+ Qxd6 14. Nb5 axb5 15. Qxa7 Qb4+ 16. Kf1 Ne4 17. Qa3 Qxa3 18. bxa3 Ra8 19. Bxb5 Rxa3 20. h3 Rc3 21. g4 Bg6 22. Kg2 Rc2 23. Rhf1 Nc3 24. a4 Rb2 25. Rac1 Be4+ 26.
Kg3 Nxb5 27. axb5 Rxb5 28. Rc7+ Kf6 29. h4 h6 30. f3 Bd3 31. Rd1 Rb3 32. h5 Bc4 33.
Kf4 g5+ 34. hxg6 fxg6 35. Rh1 g5+ 36. Kg3 Kg6 37. Re7 Rxe3 38. Rxb7 Bd3 39. Rh2 Be4 40. Rf2 h5 41. gxh5+ Kxh5 42. Rbb2 Bf5 43. Rbe2 Rd3 44. Rd2 Rc3 45. Kg2 Kg6 46. Rfe2 Rb3 47. Kf2 Kf6 48. Re3 Rb4 49. Rc3 Ra4 50. Rc8 Ra3 51. Rf8+ Kg7 52.
Rb8 Rc3 53. Ra2 Rc7 54. Rba8 Rc2+ 55. Rxc2 Bxc2 56. Kg3 Bf5 57. f4 gxf4+ 58. Kxf4 Kg6 59. Ke5 Kh5 60. Rg8 Kh4 61. Rg7 Kh5 62. Kf6 Kh4 63.
Rg5 Bg4 64. Rxg4+ Kxg4 65. Kxe6 1-0

[Event "Late-Titled-Tuesday-Blitz-August-29-2023"]
[Site "Chess.com"]
[Date "2023.08.29"]
[Round "5"]
[White "DanielNaroditsky"]
[Black "AvitalBor"]
[Result "1/2-1/2"]
[WhiteElo "3095"]
[BlackElo "2751"]
[TimeControl "180+1"]
[EndTime "14:56:04 PDT"]
[Termination "Game drawn by agreement"]

1. e4 e6 2. d4 d5 3. Nd2 c5 4. Ngf3 cxd4 5. Nxd4 Nf6 6. exd5 Nxd5 7. N2f3 Bb4+ 8.
Bd2 Bc5 9. Bc4 O-O 10. Nb3 Be7 11. O-O Nc6 12. Qe2 b6 13. Rad1 Bb7 14. Rfe1 Qc7 15.
Bxd5 exd5 16. Bc3 Rad8 17. Nbd4 Nxd4 18. Bxd4 Rfe8 19. c3 Bc6 20. Qd2 f6 21. h3 Bd6 22.
Be3 Kh8 23. Nd4 Bd7 24. Re2 a6 25. Rde1 b5 26. Qd3 Qc4 27. Qb1 Qc8 28. Qd3 Re4 29. Bd2 Ree8 30. Rxe8+ Rxe8 31. Rxe8+ Qxe8 32. Be3 Qe5 33. Nf3 Qe4 34. Qd1 Kg8 35. Bd4 h6 36.
Nd2 Qf4 37. Nf1 Bf5 38. Ng3 Be6 39. Be3 Qc4 40. a3 Bxg3 41. fxg3 Qe4 42. Qd2 h5 43. Bd4 Bf5 44. Qf2 Qb1+ 45. Kh2 Qe4 46. Qd2 Kf7 47. Bg1 g5 48. Qf2 Qc2 49. Qxc2 Bxc2 50. Bd4 Ke6 51. Kg1 Kf5 52. Kf2 Be4 53. g4+ hxg4 54. hxg4+ Kxg4 55. Bxf6 Kf5 56. Bd4 g4 57. g3 Bd3 58. Ke3 Bc4 59. Bh8 Ke6 60. Kd4 Kd6 61.
Be5+ Kc6 62. Bf4 Bb3 63. Ke5 Bd1 64. Kd4 Bf3 65. Ke3 Be4 66. Kd2 Kc5 67. b3 Kc6 68.
Ke3 Bf3 69. Kd4 Bd1 70. b4 Bf3 1/2-1/2

[Event "Late-Titled-Tuesday-Blitz-August-29-2023"]
[Site "Chess.com"]
[Date "2023.08.29"]
[Round "5"]
[White "TanitoluwaAps116"]
[Black "AndreiITrifan"]
[Result "0-1"]
[WhiteElo "2768"]
[BlackElo "2581"]
[TimeControl "180+1"]
[EndTime "14:56:04 PDT"]
[Termination "AndreiITrifan won by checkmate"]

1. e4 e5 2. Nf3 Nc6 3. Nc3 Nf6 4.
Bb5 Nd4 5. O-O Nxf3+ 6. Qxf3 c6 7. Bc4 Bd6 8. d3 O-O 9. Bg5 Be7 10. Rae1 d6 11.
Qe2 Be6 12. Bb3 a5 13. f4 exf4 14. Rxf4 Bxb3 15. axb3 Nh5 16. Qxh5 Bxg5 17. Rf3 Bd2 18.
Ref1 Qg5 19. Qh3 Qc5+ 20. Kh1 Bxc3 21. bxc3 Qxc3 22. Qh5 g6 23. Qh4 a4 24. bxa4 Rxa4 25. Qe7 Ra1 26. h4 Rxf1+ 27. Rxf1 Qxc2 28. h5 Qe2 29.
Rf3 Qe1+ 30. Kh2 Qa5 31. hxg6 Qe5+ 32. Qxe5 dxe5 33. gxh7+ Kxh7 34. Rf5 f6 35. g4 Kg6 36. g5 Rh8+ 37. Kg2 fxg5 38. Rxe5 Rd8 39. Re7 Rxd3 40. Rxb7 Re3 41. Rb6 Rxe4 42. Rxc6+ Kh5 43. Kf3 Rf4+ 44. Kg3 Rg4+ 45. Kh3 Ra4 46. Rc5 Ra3+ 47. Kg2 Kh4 48. Rc4+ g4 49. Rc8 Ra2+ 50. Kg1 Kh3 51. Rh8+ Kg3 52. Kf1 Ra1+ 53. Ke2 Rg1 54. Rg8 Rg2+ 55. Ke3 Ra2 56. Rg7 Kh3 57. Kf4 Rf2+ 58. Ke3 Rf8 59. Rh7+ Kg2 60. Rg7 g3 61. Ke2 Kh2 62. Rh7+ Kg1 63.
Rh3 g2 64. Rh7 Re8+ 65. Kf3 Kf1 66. Ra7 g1=Q 67. Ra1+ Re1 68. Ra2 Re3+ 69. Kf4 Qg3+ 70. Kf5 Re5+ 71. Kf6 Qg5+ 72. Kf7 Re7+ 73. Kf8 Qg7# 0-1

[Event "Late-Titled-Tuesday-Blitz-August-29-2023"]
[Site "Chess.com"]
[Date "2023.08.29"]
[Round "5"]
[White "jeetjain"]
[Black "MusicCityMaster"]
[Result "1/2-1/2"]
[WhiteElo "2607"]
[BlackElo "2454"]
[TimeControl "180+1"]
[EndTime "14:56:06 PDT"]
[Termination "Game drawn - insufficient material"]

1. d4 Nf6 2. Nf3 g6 3. Bf4 Bg7 4. e3 O-O 5. h3 d6 6. Be2 b6 7.
O-O Bb7 8. a4 a6 9. a5 b5 10. c4 bxc4 11. Bxc4 c5 12. dxc5 dxc5 13.
Qxd8 Rxd8 14. Ne5 e6 15. Nc3 Ne4 16. Nxe4 Bxe4 17. Rfd1 Nc6 18. Nxc6 Bxc6 19. Rxd8+ Rxd8 20. Bxa6 Bxb2 21. Rb1 Bc3 22. Rc1 Bb4 23. Bf1 f6 24.
Bc7 Rc8 25. Bb6 Bd5 26. Bb5 Kf7 27. f3 e5 28. e4 Be6 29. Ba6 Rb8 30. Bc7 Ra8 31.
Bb7 Rxa5 32. Bxa5 Bxa5 33. Ba6 Bd2 34. Rc2 Be3+ 35. Kf1 f5 36. Bc4 fxe4 37. fxe4 h5 38. Ke2 Bd4 39. Kd3 Kf6 40. Bxe6 Kxe6 41. Ra2 Kf6 42. h4 Bg1 43. Kc4 Ke6 44. Ra6+ Kf7 45. Kd5 Bd4 46. Rc6 Kg7 47. Rxc5 Bxc5 48. Kxc5 g5 49.
hxg5 Kg6 50. Kd5 h4 51. Kxe5 Kxg5 52. Kd6 Kg4 53. e5 Kg3 54. e6 Kxg2 55. e7 h3 56.
e8=Q h2 57. Qe2+ Kg1 58. Qg4+ Kh1 59. Qh3 Kg1 60. Qe3+ Kg2 61. Qe4+ Kg1 62. Qe1+ Kg2 63. Qd2+ Kg1 64. Qg5+ Kh1 65. Qh4 Kg2 66. Qe4+ Kg1 67.
Qe3+ Kg2 68. Qe2+ Kg1 69. Qg4+ Kh1 70. Qf3+ Kg1 71. Qg3+ Kh1 72. Qe1+ Kg2 73. Qd2+ Kg1 74. Qc1+ Kg2 75. Qb2+ Kg1 76. Ke5 h1=Q 77. Qc1+ Kg2 78. Qxh1+ Kxh1 1/2-1/2

[Event "Late-Titled-Tuesday-Blitz-August-29-2023"]
[Site "Chess.com"]
[Date "2023.08.29"]
[Round "5"]
[White "GoltsevDmitry2000"]
[Black "GMBenjaminBok"]
[Result "1/2-1/2"]
[WhiteElo "2639"]
[BlackElo "2913"]
[TimeControl "180+1"]
[EndTime "14:56:09 PDT"]
[Termination "Game drawn by repetition"]

1. e4 c5 2. Nf3 d6 3. d4 cxd4 4. Nxd4 Nf6 5. Nc3 a6 6. f3 e5 7. Nb3 Be6 8. Be3 Be7 9. Nd5 Nbd7 10. c4 O-O 11. Bd3 Bxd5 12. cxd5 Ne8 13. O-O Bg5 14.
Qd2 Bxe3+ 15. Qxe3 g6 16. Rac1 Ng7 17. Rc2 Rc8 18.
Rfc1 Rxc2 19. Rxc2 Qb8 20. Qc1 Qa7+ 21. Kh1 Qb6 22. Rc8 Nh5 23. Rxf8+ Kxf8 24. Qg1 Qb4 25.
g3 a5 26. Qf2 a4 27. Nc1 a3 28. bxa3 Qxa3 29. Nb3 Qb4 30. Qd2 Qb6 31. Kg2 Nhf6 32. Qa5 Qe3 33. Qd2 Qxd2+ 34. Nxd2 Nc5 35. Bc2 Nfd7 36.
Nc4 Ke7 37. Kf2 Nb8 38. Ke3 f6 39. Kd2 Kd7 40. Kc3 Kc7 41. Kb4 Nbd7 42. Kb5 Na6 43. Na5 Nb6 44. Nc4 Nxc4 45. Kxc4 Kb6 46. Ba4 Nc5 47.
Bc2 Ka5 48. f4 b5+ 49. Kc3 h6 50. h4 Kb6 51. Kb4 Nd7 52. a4 bxa4 53. Bxa4 Nc5 54. Bc2 Kc7 55. Kb5 Kd7 56. Kc4 Ke7 57. Kc3 Nd7 58. Kd3 exf4 59. gxf4 g5 60. hxg5 fxg5 61. fxg5 hxg5 62. Ke3 Ne5 63. Kf2 Kf6 64. Kg3 Nf7 65.
Kg4 Ne5+ 66. Kh5 Ng6 67. Kg4 Ne5+ 68. Kh5 g4 69. Kh4 Kg6 70. Bd1 Kf6 71. Bxg4 Nd3 72. Bf5 Ke5 73. Kg4 Nc5 74. Kf3 Nb3 75. Ke3 Nc5 76.
Bh7 Na4 77. Bf5 Nb6 78. Bh7 Nc4+ 79. Kd3 Na5 80. Ke3 Nb7 81. Bf5 Nc5 82. Bh7 Nb3 83. Bf5 Na5 84. Kd3 Nb7 85. Ke3 Nc5 1/2-1/2